 Dungeon Crawl Stone Soup version 0.23.0-28-g6fe0f4d (webtiles) character file.

Game seed: 3277914831721627949

6278 Inchmeat the Destroyer (level 10, -3/50 HPs)
             Began as a Gargoyle Fire Elementalist on Feb 25, 2019.
             Was a Priest of the Shining One.
             Killed from afar by a gargoyle (5 damage)
             ... with a stone arrow
             ... on level 10 of the Dungeon.
             The game lasted 00:18:18 (10071 turns).

Inchmeat the Destroyer (GrFE)                      Turns: 10071, Time: 00:18:18

Health: -3/50      AC: 16    Str: 12    XL:     10   Next: 94%
Magic:  0/19       EV: 10    Int: 19    God:    the Shining One [***...]
Gold:   554        SH:  4    Dex: 10    Spells: 3/21 levels left

rFire    + . .     SeeInvis .   g - +4 whip (elec)
rCold    . . .     Gourm    .   (no shield)
rNeg     + + .     Faith    .   m - +0 ring mail of Death's Door {+Blink rF+}
rPois    ∞         Spirit   +   (no helmet)
rElec    +         Reflect  .   (no cloak)
rCorr    .         Harm     .   r - +0 pair of gloves
MR       +....                  s - +2 pair of boots
Stlth    +.........             f - amulet of guardian spirit
HPRegen  0.16/turn              j - +3 ring of slaying
MPRegen  0.16/turn              (no ring)

@: glowing
A: large bone plates 1, magic resistance 1, negative energy resistance 1,
electricity resistance, unbreathing, petrification resistance, rot immunity, AC
+7
a: Divine Shield, Renounce Religion, Evoke Blink


You were on level 10 of the Dungeon.
You worshipped the Shining One.
The Shining One was most pleased with you.
You were not hungry.

You visited 1 branch of the dungeon, and saw 10 of its levels.

You collected 554 gold pieces.

Inventory:

Hand Weapons
 g - a +4 whip of electrocution (weapon)
 o - the +6 hand axe "Jutun" {flame, rPois Str+7 Int-5 Stlth+}
   (You found it on level 8 of the Dungeon)

   It has been specially enchanted to burn those struck by it, causing extra
   injury to most foes and up to half again as much damage against particularly
   susceptible opponents.
   Big, fiery blades are also staple armaments of hydra-hunters.
   It affects your strength (+7).
   It affects your intelligence (-5).
   It protects you from poison.
   It makes you more stealthy.
Armour
 m - the +0 ring mail of Death's Door (worn) {+Blink rF+}
   (You found it on level 9 of the Dungeon)

   It protects you from fire.
   It lets you blink.
 r - a +0 pair of gloves (worn)
 s - a +2 pair of boots (worn)
 u - a +0 ring mail
 w - a +0 cloak
 y - a +0 scale mail
Jewellery
 f - an amulet of guardian spirit (around neck)
 j - a +3 ring of slaying (left hand)
Wands
 k - a wand of iceblast (5)
 n - a wand of polymorph (20)
 p - a wand of flame (32)
Scrolls
 b - 3 scrolls of teleportation
 e - 2 scrolls of amnesia
 h - a scroll of magic mapping
 l - 2 scrolls of fear
 v - a scroll of fog
 B - a scroll of identify {@r1}
 C - a scroll of blinking
 E - a scroll of remove curse {@r2}
Potions
 a - 3 potions of heal wounds
 d - 2 potions of magic
 i - 5 potions of agility
 q - a potion of mutation {!q}
 t - a potion of curing {@q1}
 x - a potion of flight
 z - a potion of lignification
 D - a potion of ambrosia
Comestibles
 c - 25 rations


   Skills:
 + Level 7.5 Maces & Flails
 - Level 1.5 Dodging
 - Level 2.2 Stealth
 * Level 6.4 Spellcasting
 * Level 10.1 Conjurations
 * Level 9.2 Fire Magic


You had 3 spell levels left.
You knew the following spells:

 Your Spells              Type           Power        Failure   Level  Hunger
a - Flame Tongue          Conj/Fire      #####        1%          1    None
b - Throw Flame           Conj/Fire      #####.       1%          2    None
c - Fireball              Conj/Fire      #####.....   13%         5    #####..
d - Conjure Flame         Conj/Fire      #####...     1%          3    ##.....
e - Sticky Flame          Conj/Fire      #####...     4%          4    ####...
f - Mephitic Cloud        Conj/Pois/Air  ###.....     19%         3    ##.....

Your spell library contained the following spells:

 Spells                   Type           Power        Failure   Level  Hunger
 Magic Dart               Conj           ####         1%          1    None
 Searing Ray              Conj           #####.       1%          2    None
 Shock                    Conj/Air       ####         3%          1    None
 Sting                    Conj/Pois      ####         3%          1    None
 Throw Frost              Conj/Ice       ####..       4%          2    None
 Dazzling Spray           Conj/Hex       ####..       9%          3    ##.....
 Static Discharge         Conj/Air       ####....     9%          3    ##.....
 Inner Flame              Hex/Fire       ###.....     11%         3    ##.....
 Freeze                   Ice            #...         24%         1    None
 Poisonous Vapours        Pois/Air       #.....       36%         2    None
 Swiftness                Chrm/Air       #.......     36%         2    None
 Ozocubu's Armour         Chrm/Ice       #.......     58%         3    ##.....
 Iskenderun's Mystic Bla  Conj           #####...     3%          4    ####...
 Force Lance              Conj/Tloc      ####....     30%         4    ####...
 Fulminant Prism          Conj/Hex       ####......   30%         4    ####...
 Throw Icicle             Conj/Ice       ####....     30%         4    ####...
 Lightning Bolt           Conj/Air       ####......   63%         5    #####..
 Venom Bolt               Conj/Pois      ####......   63%         5    #####..
 Airstrike                Air            #.........   94%         4    ####...
 Olgreb's Toxic Radiance  Pois           #.......     94%         4    ####...
 Summon Ice Beast         Ice/Summ       #.......     94%         4    ####...


Dungeon Overview and Level Annotations

Branches:
Dungeon (10/15)            Temple (0/1) D:4            Lair (0/6) D:8
    Orc: D:9-12

Altars:
Ashenzari
Elyvilon
Gozag
Nemelex Xobeh
Qazlal
Ru
Sif Muna
Trog
Vehumet
Wu Jian
Xom
The Shining One

Annotations:
D:7 2 transporters, shrubosaur's ghost, novice TrBe


Innate Abilities, Weirdness & Mutations

You are resistant to torment.
Your stone body is resilient. (AC +7)
You are immune to poison.
You resist negative energy. (rN+)
You are resistant to electric shocks. (rElec)
You can survive without breathing.
You are immune to petrification.
You are immune to rotting.
You are partially covered in large bone plates. (SH +4)
You are resistant to hostile enchantments. (MR+)


Message History

Tha gargoyle be almost destroyed.
Ye hit tha gargoyle but do nay damage.
Tha gargoyle be almost destroyed.
Tha gargoyle hits ye but does nay damage.
Ye hit tha gargoyle but do nay damage.
Tha gargoyle be almost destroyed.
Tha gargoyle hurls a stone arrow at ye.
Tha stone arrow hits ye.
Ye hit tha gargoyle but do nay damage.
Tha gargoyle be almost destroyed.
Ye hit tha gargoyle but do nay damage.
Tha gargoyle be almost destroyed.
Tha gargoyle hurls a stone arrow at ye.
Tha stone arrow hits ye!!
* * * LOW HITPOINT WARNIN'
* * * Ye hit tha gargoyle but do nay damage.
Tha gargoyle be almost destroyed.
Tha gargoyle hurls a stone arrow at ye.
Tha stone arrow hits ye!
Ye die...

#......# #......
#...... #......
#.....#
#..#.#.....#
#..#.#....9#
#..#.#..#.@#
#..#.#..#..#
.#..#.#..#..#
#####.#..#.#..#..+
......#..#.#..#..#
....^.#..'.......#
......##.#...#####
.......#)#####
.....#.#..#


You could see a gargoyle.

Vanquished Creatures
  An ogre mage (D:9)
  An elephant (D:8)
  A hornet (D:5)
  A hippogriff (D:8)
  A vampire (D:9)
  Sigmund (D:2)
  4 yaks
  A basilisk (D:8)
  A sky beast (D:9)
  3 ice beasts
  2 orc warriors
  6 ogres
  A phantom (D:6)
  5 centaurs
  A crocodile (D:8)
  4 big kobolds
  4 bullfrogs
  A wyvern skeleton (D:9)
  4 scorpions
  4 wights (D:6)
  A howler monkey (D:6)
  3 bullfrog zombies
  2 crimson imps
  2 jellies (D:7)
  5 hounds
  Crazy Yiuf (D:6)
  A centaur skeleton (D:7)
  6 orc priests
  4 bullfrog skeletons
  3 orc wizards
  Jessica (D:3)
  2 iguanas
  Natasha (twice) (D:2)
  5 worker ants
  2 hound skeletons
  7 gnolls
  A howler monkey skeleton (D:6)
  4 adders
  2 shadow imps
  An ooze (D:4)
  A worm (D:2)
  4 leopard geckos
  36 orcs
  6 giant cockroaches
  5 goblins
  5 hobgoblins
  20 jackals
  2 quokkas
  A ball python (D:2)
  5 bats
  3 frilled lizards
  2 jackal skeletons
  14 kobolds
  A leopard gecko skeleton (D:5)
  A quokka zombie (D:6)
  4 rats
  A fungus (D:6)
213 creatures vanquished.

Vanquished Creatures (others)
  A plant (D:8)
1 creature vanquished.

Grand Total: 214 creatures vanquished

Notes
Turn   | Place    | Note
-------+----------+-------------------------------------------
     0 | D:1      | Inchmeat the Gargoyle Fire Elementalist began the quest for
                  | the Orb.
     0 | D:1      | Reached XP level 1. HP: 10/10 MP: 3/3
   464 | D:1      | Reached XP level 2. HP: 15/15 MP: 0/5
  1039 | D:2      | Reached skill level 2 in Conjurations
  1039 | D:2      | Reached XP level 3. HP: 19/19 MP: 2/6
  1192 | D:2      | Found a sparkling altar of Nemelex Xobeh.
  1549 | D:2      | Found a shattered altar of Ashenzari.
  1649 | D:2      | Noticed Sigmund
  1660 | D:2      | Killed Sigmund
  1660 | D:2      | Reached skill level 3 in Conjurations
  1660 | D:2      | Reached XP level 4. HP: 11/24 MP: 0/9
  1660 | D:2      | Reached XP level 5. HP: 13/28 MP: 0/10
  2249 | D:2      | Reached XP level 6. HP: 32/32 MP: 11/11
  2279 | D:2      | Noticed Natasha
  2287 | D:2      | Killed Natasha
  2478 | D:2      | Noticed Natasha
  2485 | D:2      | Killed Natasha
  2586 | D:3      | Reached skill level 4 in Conjurations
  2614 | D:3      | Learned a level 2 spell: Throw Flame
  2618 | D:3      | Learned a level 3 spell: Inner Flame
  2623 | D:3      | Learned a level 3 spell: Conjure Flame
  2706 | D:3      | Found a sacrificial altar of Ru.
  2781 | D:3      | Found a stormy altar of Qazlal.
  2843 | D:3      | Found a shimmering altar of Xom.
  2911 | D:3      | Noticed Jessica
  2929 | D:3      | Killed Jessica
  3079 | D:3      | Found a glowing golden altar of the Shining One.
  3167 | D:3      | Became a worshipper of the Shining One
  3427 | D:4      | Reached skill level 5 in Fire Magic
  3427 | D:4      | Reached XP level 7. HP: 27/36 MP: 2/13
  3630 | D:4      | Found a staircase to the Ecumenical Temple.
  4267 | D:5      | Entered Level 5 of the Dungeon
  4273 | D:5      | Noticed a hornet
  4291 | D:5      | Killed a hornet
  4291 | D:5      | Reached skill level 5 in Conjurations
  4786 | D:5      | Reached skill level 5 in Spellcasting
  4786 | D:5      | Reached XP level 8. HP: 36/41 MP: 12/15
  5093 | D:5      | Reached skill level 6 in Conjurations
  5418 | D:6      | Reached * piety under the Shining One
  5527 | D:6      | Reached skill level 7 in Conjurations
  5922 | D:6      | Reached XP level 9. HP: 39/45 MP: 14/16
  5929 | D:6      | Found a shattered altar of Ashenzari.
  5980 | D:6      | Reached ** piety under the Shining One
  5990 | D:6      | Reached skill level 8 in Conjurations
  6000 | D:6      | Learned a level 4 spell: Sticky Flame
  6004 | D:6      | Learned a level 3 spell: Mephitic Cloud
  6071 | D:6      | Found a white marble altar of Elyvilon.
  6345 | D:6      | Found a runed translucent door.
  6346 | D:6      | Noticed Crazy Yiuf
  6354 | D:6      | Killed Crazy Yiuf
  6630 | D:7      | Reached skill level 1 in Maces & Flails
  6997 | D:7      | Found a transporter.
  7163 | D:7      | Noticed shrubosaur's ghost (novice TrBe)
  7164 | D:7      | Identified the +5 great mace of Integrity {flame, +Fly}
  7165 | D:7      | Found a transporter.
  7297 | D:7      | Reached skill level 9 in Conjurations
  7673 | D:9      | Got a transparent ring mail
  7674 | D:9      | Identified the +0 ring mail of Death's Door {+Blink rF+}
                  | (You found it on level 9 of the Dungeon)
  7872 | D:8      | Got an ivory hand axe
  7873 | D:8      | Identified the +6 hand axe "Jutun" {flame, rPois Str+7
                  | Int-5 Stlth+} (You found it on level 8 of the Dungeon)
  7933 | D:8      | Learned a level 5 spell: Fireball
  8086 | D:8      | Found a staircase to the Lair.
  8086 | D:8      | Noticed an elephant
  8106 | D:8      | Reached skill level 5 in Maces & Flails
  8114 | D:8      | Killed an elephant
  8114 | D:8      | Reached XP level 10. HP: 46/50 MP: 14/17
  8481 | D:8      | Found an opulent altar of Gozag.
  8527 | D:8      | Found a bloodstained altar of Trog.
  8534 | D:8      | Reached *** piety under the Shining One
  8689 | D:8      | Found a radiant altar of Vehumet.
  9099 | D:9      | Found an ornate altar of the Wu Jian Council.
  9542 | D:9      | Noticed an ogre mage
  9556 | D:9      | Killed an ogre mage
  9556 | D:9      | Reached skill level 10 in Conjurations
  9897 | D:9      | Found a deep blue altar of Sif Muna.
  9945 | D:10     | Entered Level 10 of the Dungeon
  9992 | D:10     | Gained mutation: Your body sometimes deteriorates upon
                  | taking damage. [potion of mutation]
  9992 | D:10     | Gained mutation: You are partially covered in iridescent
                  | scales. (AC +2) [potion of mutation]
  9993 | D:10     | Lost mutation: Your body sometimes deteriorates upon taking
                  | damage. [potion of mutation]
  9993 | D:10     | Lost mutation: You are partially covered in iridescent
                  | scales. (AC +2) [potion of mutation]
  9993 | D:10     | Gained mutation: You are partially covered in large bone
                  | plates. (SH +4) [potion of mutation]
  9993 | D:10     | Gained mutation: You are resistant to hostile enchantments.
                  | (MR+) [potion of mutation]
 10049 | D:10     | Noticed a gargoyle
 10070 | D:10     | HP: 2/50 [gargoyle/stone arrow (15)]
 10071 | D:10     | Killed from afar by a gargoyle

Skill      XL: |  1  2  3  4  5  6  7  8  9 10 |
---------------+-------------------------------+-----
Conjurations   | 2 3 4 5 7 9 10 | 10.1
Spellcasting   | 3 4 5 6 |  6.4
Fire Magic     | 4 5 7 8 9 |  9.2
Maces & Flails | 6 7 |  7.5
Dodging        | |  1.5
Stealth        | |  2.2

Action                   |  1- 3 |  4- 6 |  7- 9 | 10-12 || total
-------------------------+-------+-------+-------+-------++-------
Melee: Unarmed           |     8 |     1 |    10 |       ||    19
       Dagger            |    10 |    72 |       |       ||    82
       Whip              |       |       |   220 |   175 ||   395
       Mace              |       |       |   102 |       ||   102
 Cast: Flame Tongue      |    41 |    41 |    52 |       ||   134
       Sticky Flame      |       |       |     5 |     5 ||    10
  Use: Scroll            |     2 |       |    18 |     7 ||    27
       Potion            |       |       |     3 |     2 ||     5
 Stab: Sleeping          |       |     1 |       |       ||     1
  Eat: Chunk             |     2 |     6 |    13 |     4 ||    25
       Ration            |       |       |     1 |     1 ||     2
Armor: Robe              |     7 |    33 |    40 |       ||    80
       Skin              |       |       |    10 |       ||    10
       Ring mail         |       |       |    69 |    65 ||   134
       Scale mail        |       |       |    85 |       ||    85
Dodge: Dodged            |    27 |    64 |   262 |    43 ||   396
Block: Other             |       |       |       |     1 ||     1
